Cogmind - Beta 15 @@@ ROGUE MODE // 2025.05.28 @ 16:02:25 Player: obl-vn Result: Self-destructed Performance ------------- Evolutions (0) 0 Regions Visited (3) 600 Robots Destroyed (44) 220 Value Destroyed (997) 997 Prototype IDs (0) 0 Alien Tech Used (0) 0 Bonus (0) 0 TOTAL SCORE: 1817 Bonus ------- None Cogmind --------- Core Integrity 67/250 Matter 233/300 Energy 210/250 System Corruption 0% Temperature Danger (459) Movement Core (550) Ox10 Location -7/Recycling Parts ------- > --- POWER (1) -------- Ion Engine > --- PROPULSION (2) --- (None) > --- UTILITY (2) ------ Large Storage Unit > --- WEAPON (2) ------- EM Shotgun EM Shotgun > --- INVENTORY (15) --- Ion Engine Heat Sink Heat Sink Improved Terrain Scanner Seismic Detector Targeting Computer Hardened Light Armor Plating Hardened Light Armor Plating Beam Cannon Heavy Ion Cannon Grenade Launcher Grenade Launcher Subdweller Shrapnel Launcher Peak State ------------ > --- POWER ------------ Ion Engine > --- PROPULSION ------- Light Treads Wheel > --- UTILITY ---------- Large Storage Unit Hardened Light Armor Plating > --- WEAPON ----------- Heavy Ion Cannon Barrage Gun > --- INVENTORY -------- Ion Engine Heat Sink Heat Sink Improved Terrain Scanner Seismic Detector Targeting Computer Hardened Light Armor Plating Hardened Light Armor Plating EM Shotgun EM Shotgun Beam Cannon Grenade Launcher Grenade Launcher Subdweller Shrapnel Launcher [Rating: 15] Favorites ----------- Power Ion Engine Engine Ion Engine Propulsion Light Treads Treads Light Treads Wheel Wheel Utility Large Storage Unit Device Seismic Detector Storage Large Storage Unit Protection Hardened Light Armor Plating Weapon Assault Rifle Energy Gun EM Shotgun Energy Cannon Beam Cannon Ballistic Gun Assault Rifle Ballistic Cannon Gauss Cannon Launcher Grenade Launcher Build | -11 -10 -10 -7 ------- Run | Yrd Mat Sub Rec Slots Evolved . | . . . . Power . | . . . . Propulsion . | . . . . Utility . | . . . . Weapon . | . . . . Parts Attached 30 | 8 14 2 6 Power 3 | 1 1 . 1 Engine 3 | 1 1 . 1 Core . | . . . . Reactor . | . . . . Propulsion 5 | 3 1 . 1 Treads 3 | 2 1 . . Leg . | . . . . Wheel 2 | 1 . . 1 Hover . | . . . . Flight . | . . . . Utility 10 | 2 8 . . Device 5 | 1 4 . . Storage 2 | 1 1 . . Processor . | . . . . Hackware . | . . . . Protection 3 | . 3 . . Artifact . | . . . . Weapon 12 | 2 4 2 4 Energy Gun 2 | . . . 2 Energy Cannon 4 | . 2 1 1 Ballistic Gun 3 | 2 . 1 . Ballistic Cannon 1 | . . . 1 Launcher 2 | . 2 . . Special Weapon . | . . . . Impact Weapon . | . . . . Slashing Weapon . | . . . . Piercing Weapon . | . . . . Special Melee Weapon . | . . . . Unidentified Prototypes . | . . . . Parts Lost 8 | . . 3 5 Power 1 | . . 1 . Propulsion 3 | . . 1 2 Utility 1 | . . . 1 Weapon 3 | . . 1 2 Highest Loss Streak 5 | . . 2 5 To Critical Strikes . | . . . . Average Backups 13 | 3 14 14 14 Power 1 | . 1 2 1 Propulsion . | 1 . 1 . Utility 6 | . 6 7 7 Weapon 4 | . 4 4 6 Tool/Special . | . . . . Unused Backups 13 | . 5 . 8 Power 3 | . 2 . 1 Propulsion . | . . . . Utility 6 | . 1 . 5 Weapon 4 | . 2 . 2 Tool/Special . | . . . . Average Slot Usage (%) 99 | . 100 100 98 Engine 13 | . 14 14 13 Treads 25 | . 28 28 13 Wheel 1 | . . . 13 Device 9 | . 10 11 . Storage 14 | . 14 14 14 Protection 4 | . 3 2 13 Energy Cannon 10 | . 11 8 12 Ballistic Gun 14 | . 16 10 13 Launcher 2 | . . 9 1 Peak Build Rating 15 | 7 10 12 15 Average Rating 9 | 5 8 10 13 On Entrance 6 | . 7 9 10 Naked Turns . | . . . . Heaviest Build 41 | 14 35 36 41 Greatest Support 40 | 40 40 40 10 Greatest Overweight (x) 4 | . . 1 4 Average Overweight (x) . | . . . 3 Largest Inventory Capacity 15 | 8 15 15 15 Average Capacity 14 | 7 14 15 15 Most Carried 15 | 7 15 15 15 Average Carried 13 | 3 14 14 14 Final Capacity 15 | 8 15 15 15 Final Carried 15 | 5 15 15 13 Class Distribution -------------------- 100% | Mutant Dominant Class ---------------- Mutant | -10/Materials Mutant | -10/Subcaves Mutant | -7/Recycling Resources | -11 -10 -10 -7 ----------- Run | Yrd Mat Sub Rec Matter Collected 1178 | 296 595 117 170 Remotely . | . . . . Salvage Created 1236 | 188 757 166 125 Parts 84 | 18 50 13 3 Haulers Intercepted . | . . . . Recyclers Shooed . | . . . . Parts Field Recycled . | . . . . Retrieved Matter . | . . . . Parts Self-Destructed 7 | . . 7 . Prevented . | . . . . Kills | -11 -10 -10 -7 ------- Run | Yrd Mat Sub Rec Combat Hostiles Destroyed 31 | . 21 8 2 Guns 10 | . 8 1 1 Cannons 10 | . 9 . 1 AOE 11 | . 4 7 . Classes Destroyed 10 | 2 5 2 1 Worker 3 | . 3 . . Tunneler 6 | 5 1 . . Recycler 1 | 1 . . . Operator 2 | . 2 . . Watcher 1 | . 1 . . Swarmer 10 | . 6 4 . Grunt 15 | . 15 . . Sentry 2 | . . . 2 Cobbler 1 | . . 1 . Subdweller 4 | . . 4 . Best Kill Streak 6 | 3 5 6 2 Combat Bots Only 6 | . 5 6 2 Max Kills in Single Turn 3 | 2 2 3 1 Gunslinging . | . . . . Exploded 3 | . 2 3 . Melee . | . . . . Uniques/NPCs Destroyed . | . . . . Combat | -11 -10 -10 -7 -------- Run | Yrd Mat Sub Rec Hostile Shots Fired 260 | . 58 73 129 Missed 102 | . 14 32 56 Hits 158 | . 44 41 73 Projectile 158 | . 44 41 73 Critical Strikes 1 | . 1 . . Damage Taken 1529 | . 523 472 534 Core 183 | . 40 72 71 Absorbed by Shields . | . . . . Core Remaining (%) 100 | 100 . . . Volleys Fired 106 | 7 60 27 12 Largest 2 | 2 2 2 2 Hottest 93 | 40 90 60 93 Shots Fired 175 | 14 106 31 24 Gun 92 | 14 57 8 13 Cannon 56 | . 40 5 11 Launcher 27 | . 9 18 . Special . | . . . . Kinetic 92 | 14 57 8 13 Thermal 51 | . 40 5 6 Explosive 27 | . 9 18 . Electromagnetic 5 | . . . 5 Robot Hit Streak 20 | 4 16 20 9 Robot Miss Streak 4 | 1 2 1 4 Penetration Max . | . . . . Secondary Targets 1 | . 1 . . Max Gunslinging Chain 1 | . 1 . . Shots Hit Robots 108 | 10 68 13 17 Core Hits 62 | 8 33 14 7 Critical Kills 2 | . 2 . . Critical Parts Destroyed . | . . . . Critical Strikes 2 | . 2 . . Destroy 2 | . 2 . . Melee Attacks . | . . . . Impact . | . . . . Slashing . | . . . . Piercing . | . . . . Sneak Attacks . | . . . . Combat Hostiles . | . . . . Follow-up Attacks . | . . . . Damage Inflicted 2676 | 117 1228 967 364 Guns 775 | 117 443 100 115 Cannons 844 | . 507 88 249 Explosions 1057 | . 278 779 . Melee . | . . . . Ramming . | . . . . Kinetic 856 | 117 443 100 196 Thermal 731 | . 507 88 136 Explosive 1057 | . 278 779 . Electromagnetic 32 | . . . 32 Impact . | . . . . Slashing . | . . . . Piercing . | . . . . Highest Corruption . | . . . . Average Corruption . | . . . . Corruption Purged . | . . . . Corruption Blocked . | . . . . Overload Shots . | . . . . Overflow Damage 16 | . 6 10 . Projectiles . | . . . . Explosions 16 | . 6 10 . Melee . | . . . . Knockbacks . | . . . . Impact . | . . . . Kinetic . | . . . . Secondary . | . . . . Self-Inflicted Damage 68 | . 56 12 . Shots 3 | . 2 1 . Rammed . | . . . . Targets Rammed . | . . . . Kicked . | . . . . Crushed . | . . . . Highest Temperature 459 | . 357 4 459 Average Temperature 114 | . 85 4 245 Received Heat Transfer 504 | . 156 204 144 Effects 5 | . 4 . 1 Shutdowns 2 | . 1 . 1 Interference 2 | . 2 . . Matter Decay 1 | . 1 . . Siege Activations . | . . . . Martial Activations . | . . . . Shielding Activations . | . . . . Robots Disrupted . | . . . . Combat Hostiles . | . . . . Robots Corrupted . | . . . . Combat Hostiles . | . . . . Parts Fried . | . . . . Impact Corruptions . | . . . . Robots Melted . | . . . . Combat Hostiles . | . . . . Parts Melted . | . . . . Heat Transferred 1443 | . 1073 185 185 Parts Sabotaged . | . . . . Parts Stolen . | . . . . Parts Stripped . | . . . . Power Chain Reactions . | . . . . Alert | -11 -10 -10 -7 ------- Run | Yrd Mat Sub Rec Maximum Alert Level 1 | . 1 . . Low Security (%) 66 | 100 56 . 100 Level 1 33 | . 43 . . Level 2 . | . . . . Level 3 . | . . . . Level 4 . | . . . . Level 5 . | . . . . High Security . | . . . . Max Security . | . . . . Peak Influence 263 | 5 263 . 45 Initial 45 | . . . 45 Average 130 | 1 164 . 9 Influence Increases 1024 | 30 736 155 103 Destroy 0b10 Robot/C 540 | . 420 80 40 Destroy 0b10 Robot/NC 65 | 30 35 . . Destroy Leader 102 | . 102 . . Successful Hack 25 | . 25 . . Select Force Hacks 60 | . . . 60 Disable Machine 30 | . 30 . . Destroy Structure 52 | . 49 . 3 Partial Spotted 15 | . 15 . . Lose Combat Pursuer 135 | . 60 75 . Influence Decreases 1004 | 30 537 259 178 Entered New Map 146 | . . 96 50 Time Decay 823 | 30 537 143 113 Lost Part 35 | . . 20 15 Squads Dispatched 8 | . 8 . . Investigation 5 | . 5 . . Extermination . | . . . . Reinforcement 3 | . 3 . . Assault . | . . . . Garrison . | . . . . Intercept . | . . . . Searches Triggered . | . . . . Construction Impeded . | . . . . Haulers Reinforced . | . . . . Active Scanning Responses . | . . . . Cargo Convoy Interrupts . | . . . . Stealth | -11 -10 -10 -7 --------- Run | Yrd Mat Sub Rec Distress Signals . | . . . . Communications Jammed . | . . . . Distress Signals . | . . . . Times Spotted 41 | . 28 11 2 Peak Tracking Total 6 | . 4 6 2 Tactical Retreats 5 | . 2 3 . Traps | -11 -10 -10 -7 ------- Run | Yrd Mat Sub Rec Traps Triggered 6 | . 4 2 . Indirectly . | . . . . Trap Hack Attempts . | . . . . Triggered . | . . . . Disarmed . | . . . . Reprogrammed . | . . . . Reused . | . . . . Traps Extracted . | . . . . Installed . | . . . . Triggered . | . . . . Machines | -11 -10 -10 -7 ---------- Run | Yrd Mat Sub Rec Machines Disabled 4 | . 2 2 . Max in Single Turn 2 | . 1 2 . Machines Repaired . | . . . . Machines Dismantled . | . . . . Machines Sabotaged . | . . . . Overloaded Fab Kills . | . . . . Hacking | -11 -10 -10 -7 --------- Run | Yrd Mat Sub Rec Machines Accessed 9 | . 7 . 2 Terminals 7 | . 7 . . Fabricators . | . . . . Repair Stations . | . . . . Recycling Units 2 | . . . 2 Scanalyzers . | . . . . Garrison Access . | . . . . Total Hacks 23 | . 20 . 3 Successful 7 | . 5 . 2 Failed 16 | . 15 . 1 Catastrophic 3 | . 3 . . Database Lockouts . | . . . . Manual 21 | . 18 . 3 Terminals 20 | . 20 . . Fabricators . | . . . . Repair Stations . | . . . . Recycling Units 3 | . . . 3 Scanalyzers . | . . . . Garrison Access . | . . . . Terminal Hacks 3 | . 3 . . Robot Analysis 1 | . 1 . . Locate Traps 2 | . 2 . . Fabricator Hacks . | . . . . Repair Station Hacks . | . . . . Recycling Unit Hacks . | . . . . Scanalyzer . | . . . . Garrison Access Hacks . | . . . . Unauthorized Hacks 4 | . 2 . 2 Terminals 2 | . 2 . . Botnet 2 | . 2 . . Fabricators . | . . . . Repair Stations . | . . . . Recycling Units 2 | . . . 2 Tunnel 2 | . . . 2 Scanalyzers . | . . . . Garrison Access . | . . . . Data Cores Recovered . | . . . . Used . | . . . . Hacking Detections 7 | . 6 . 1 Full Trace Events 3 | . 3 . . Feedback Events . | . . . . Feedback Blocked . | . . . . Robot Schematics Acquired . | . . . . Robots Built . | . . . . Authchips . | . . . . Time . | . . . . Total Robot Build Rating . | . . . . Part Schematics Acquired . | . . . . Parts Built . | . . . . Authchips . | . . . . Time . | . . . . Total Part Build Rating . | . . . . Parts Repaired . | . . . . Time . | . . . . Parts Recycled . | . . . . Recycled Matter . | . . . . Retrieved Matter . | . . . . Retrieved Components . | . . . . Parts Scanalyzed . | . . . . Part Schematics Acquired . | . . . . Parts Damaged . | . . . . Bothacking | -11 -10 -10 -7 ------------ Run | Yrd Mat Sub Rec Used RIF Installer . | . . . . Robots Hacked . | . . . . Non-combat . | . . . . Combat . | . . . . Robot Hacks Applied . | . . . . Relay Couplers Released . | . . . . Fabnet Peak Effective % . | . . . . Robots Rewired . | . . . . Allies Hacked . | . . . . Hacks Repelled . | . . . . Allies | -11 -10 -10 -7 -------- Run | Yrd Mat Sub Rec Total Allies . | . . . . Largest Group . | . . . . Highest-Rated Group . | . . . . Highest-Rated Ally . | . . . . Total Orders . | . . . . Ally Attacks . | . . . . Total Damage . | . . . . Kills . | . . . . Allies Corrupted . | . . . . Allies Melted . | . . . . Intel | -11 -10 -10 -7 ------- Run | Yrd Mat Sub Rec Active Infowar (turns) 2084 | 41 1540 503 . Seismic 2084 | 41 1540 503 . Robot Analysis Total 1 | . 1 . . Derelict Logs Recovered 1 | . . 1 . Drone Launches . | . . . . Drone Recoveries . | . . . . Exploration | -11 -10 -10 -7 ------------- Run | Yrd Mat Sub Rec Turns Passed 3230 | 129 2059 606 436 Spaces Moved 1762 | 72 1069 330 291 Core 18 | 18 . . . Treads 1447 | 48 1069 330 . Legs . | . . . . Wheels 297 | 6 . . 291 Hover . | . . . . Flight . | . . . . Fastest Speed 50 | 50 160 160 125 Average Speed 154 | 125 160 160 132 Slowest Speed 240 | 160 160 240 140 Overloaded Moves . | . . . . Propulsion Burnouts . | . . . . Robots Hopped . | . . . . Potential Cave-ins . | . . . . Cave-ins Triggered . | . . . . Exploration Rate (%) 43 | 4 96 25 49 Regions Visited 3 Branch Regions 2 Pre-discovered Areas 2 | . . . 2 Known Exits Taken . | . . . . Unknown Exits Taken 3 | 1 1 1 . Scrap Searched . | . . . . Spaces Dug 8 | . . 8 . Terrain Destroyed 136 | . 50 83 3 Melee . | . . . . Projectile 3 | . . . 3 AOE 133 | . 50 83 . Terrain Rammed . | . . . . Walls Destroyed . | . . . . Machines Disabled . | . . . . Actions | -11 -10 -10 -7 --------- Run | Yrd Mat Sub Rec Total 2103 | 96 1315 375 317 Wait 130 | . 114 11 5 Move 1759 | 71 1068 329 291 Hop . | . . . . Pick Up 39 | 10 25 2 2 Fast Attach 2 | 2 . . . Attach 10 | 5 . 1 4 Detach . | . . . . Swap 39 | 1 31 4 3 Drop 18 | . 17 1 . Fire 106 | 7 60 27 12 Melee . | . . . . Ram . | . . . . Kick . | . . . . Crush . | . . . . Escape Stasis . | . . . . Rewire . | . . . . Trap . | . . . . Miscellaneous . | . . . . Route ------- -11/Scrapyard -10/Materials (discovered 6 exits: [*Mat x3] / [*Min x2] / [*Sub]) -10/Subcaves -7/Recycling History --------- Turn | Location | Event 6 | -11/Scrapyard | Discovered new exit (range 16) 130 | -11/Scrapyard | Entered Materials 320 | -10/Materials | Build established: Mutant 641 | -10/Materials | Discovered new exit (range 13) 671 | -10/Materials | Discovered new exit (range 5) 930 | -10/Materials | Derelicts attacked the area 973 | -10/Materials | Discovered new exit (range 11) 1232 | -10/Materials | Discovered new exit (range 5) 1490 | -10/Materials | Discovered new exit (range 14) 1586 | -10/Materials | Discovered new exit (range 16) 2189 | -10/Materials | Entered Subcaves 2193 | -10/Subcaves | Learned 2 Materials zone layouts 2201 | -10/Subcaves | Shifting Twisted Machinery released Sub. Monowheel 2781 | -10/Subcaves | Discovered new exit (range 8) 2795 | -10/Subcaves | Entered Recycling 3214 | -7/Recycling | Core integrity fell below 50% 3231 | -7/Recycling | Self-destructed Last Messages --------------- 02969_ Acquired 52 matter. 02973_ Acquired 94 matter. 02979_ Acquired 14 matter. 02985_ Acquired Hvy. Ion Cannon. 02988_ Acquired 10 matter. 02993_ Acquired Gauss Cannon. 03042_ Connecting with Recycling Unit... >>Force(Tunnel) DISCOVERED[-10/Mines] 03059_ Connecting with Terminal... 03187_ Y-54 Guardian springs to life. 03206_ Lgt. Treads destroyed. 03214_ Y-54 Guardian destroyed. 03215_ Barrage Gun destroyed. 03222_ Hrd. Light Armor Plating destroyed. 03224_ Slug penetrates Y-54 Guardian. 03225_ Gauss Cannon destroyed. 03227_ Power failure, Ion Engine shutdown. 03228_ Wheel destroyed. 03228_ Y-54 Guardian destroyed. Map ----- +----------------------------------------------------+ | | | | | | | | | | | | | ?????????????????????????????????????????????????? | | ?????????????????????????????????????????????????? | | ?????????????????????????????????????????????????? | | ?????????????????????????????????????????????????? | | ?????????????????????????????????????????????????? | | ?????????????????????????????????????????????????? | | ?????????????????????????????????????????????????? | | ?????????????????????????????????????????????????? | | ?????????????????????????????????????????????????? | | ?????????????????????????????????????????????????? | | ?????????????????????????????????????????????????? | | ?????????????????????????????????????????????????? | | #############???#################????????????????? | | #???# """T""" #????????????????? | | #???# """ """ """ #????????????????? | | #???# """ #????#???????????? | | ##??# """ #### ######??????? | | + ??# + ?? | | # ####+########;##### #?? | | # r @ %! #?? | | # [%%% ??? | | # !% ??? | | # r############## !!#########???? | | # #?????????????? !#???????????? | | # ##########??????##???????????? | | ######+###### #???????????????????? | | ????# #???????????????????? | | ????# #???????????????????? | | ##### ##########+######### #??######???????????? | | ] # # #?#####??? ??????????? | | # # """"" #?#"""#? ?????????? | | ! # # ""T"" ###"Y"# ?????????? | | # # + ?????????? | | # # # ##+#####+###???????????? | | # # # # [ ] ! #????????? | | ! # # + + / ! [ #????????? | | # # """ ###### ! * *#????????? | | + + """"" #??????? !=!!#????????? | | # # """"" #?????????#########?????????? | | # # """"" #???????????????????????????? | | # # """ #???????????????????????????? | | %%# ########+#####???????????????????????????? | | ! # #??????# #[[[##??????????????????????????? | | # ######## # [ # ??????????????????????????? | +----------------------------------------------------+ Best States ------------- Heat Dissipation 35 Energy Generation 10 Energy Capacity 250 Matter Stores 300 Matter Capacity 300 Sight Range 16 Terrain Scan Density 10 Armor Coverage 150 Evasion (%) 50 Recoil Reduction 2 Item Schematics ----------------- None Robot Schematics ------------------ None Fabricated ------------ Nothing Repaired ---------- Nothing Alien Tech Used ----------------- None Achievements -------------- None Challenges ------------ None Game ------ Seed TerrabombForceLaser Manual? 0 Play Time 00:29:16 Cumulative 53.7 hours Start 2025.05.28 @ 14:57:55 End 2025.05.28 @ 16:02:25 Sessions 1 Manual Loads 0 Difficulty Rogue Special Mode None Game No. 41 Rogue 41 Adventurer 0 Explorer 0 Win Type - Total 1 Types 0/0/0/1/0/0/0/0/0/0 Lore% 20 Gallery% 33 Achievement% 38 Wizard Run 0 Options --------- Layout 1 ASCII 0 Keyboard 0 Movement Mouse Keybinds 0 Fullscreen 1 Font 32/SmallcapsGlow Map View 50x35 Zoom Use 0% Tactical HUD 1 Map Filters NONE Filters NONE Steam 1 RUN: a017fb1c-a592-4932-a4f9-4ce3c0e9eafa